AoeStats
← Fenium

Lombardia

509316569Analyzed
4v4 RM · 5d ago on Sep 26, 2026· 43m 25s· 8 players
Game mode
Random Map
Map size
Large (8 player)
Population
200
Speed
Normal
Resources
Standard
Victory
Conquest
Starting age
Dark Age
Ending age
Imperial Age
RankedLock teamsTeams togetherTeam positionsShared explorationLock speedFull tech treeHidden civsTurbo modeCheats
Victory
Defeat
🇭🇰 Inca · Hong Kong SAR China
1078
+13
🇲🇽 Franks · Mexico
1039
+15
🇺🇸 Portuguese · United States
1005
+16
🇹🇼 Khmer · Taiwan
983
+17
🇹🇷 Khmer · Türkiye
1044
-16
🇺🇦 Gurjaras · Ukraine
1026
-16
🇫🇷 Italians · France
1015
-15
🇩🇪 Britons · Germany
969
-14
Pépé
4:54 Loom
11:33 Feudal Age
13:45 Wheelbarrow
13:35 Double-Bit Axe
13:48 Fletching
16:19 Castle Age
14:13 Stone Mining
15:57 Gold Mining
21:36 Horse Collar
24:00 Bodkin Arrow
24:38 Bow Saw
24:42 Heavy Plow
29:24 Padded Archer Armor
35:02 Imperial Age
32:51 Hand Cart
32:34 Town Watch
35:32 Ballistics
34:53 Treadmill Crane
35:09 Murder Holes
37:05 Conscription
39:00 Chemistry
38:11 Masonry
37:57 Murder Holes
Calli
8:05 Loom
10:43 Feudal Age
13:51 Padded Archer Armor
13:45 Gold Mining
13:43 Double-Bit Axe
14:10 Fletching
16:27 Horse Collar
17:58 Stone Mining
26:30 Castle Age
28:50 Gold Shaft Mining
28:26 Bow Saw
28:19 Heavy Plow
27:46 Crossbowman
29:09 Bodkin Arrow
29:30 Leather Archer Armor
31:13 Ballistics
30:48 Murder Holes
31:05 Fortified Wall
33:24 Wheelbarrow
32:35 Town Watch
33:18 Masonry
34:35 Town Patrol
36:36 Hand Cart
37:49 Caravan
43:07 Imperial Age
sparttanez
8:21 Loom
10:22 Feudal Age
12:06 Horse Collar
12:16 Double-Bit Axe
12:52 Bloodlines
18:16 Scale Barding Armor
23:56 Castle Age
21:51 Gold Mining
24:10 Wheelbarrow
25:20 Bow Saw
25:41 Husbandry
26:10 Hand Cart
26:30 Chain Barding Armor
26:23 Forging
35:18 Stone Mining
35:25 Town Watch
35:38 Light Cavalry
39:11 Imperial Age
38:34 Kshatriyas
40:52 Heavy Camel Rider
40:53 Hussar
42:14 Plate Barding Armor
42:15 Iron Casting
Fenium
5:09 Loom
12:33 Feudal Age
17:13 Castle Age
15:36 Double-Bit Axe
17:13 Horse Collar
17:34 Gold Mining
17:36 Stone Mining
18:04 Bow Saw
22:59 Heavy Plow
24:32 Wheelbarrow
29:51 Imperial Age
28:39 Ballistics
34:52 Hand Cart
35:38 Crop Rotation
36:16 Double Crossbow
37:07 Heavy Scorpion
39:11 Siege Engineers
40:07 Chemistry
39:43 Forging
39:38 Scale Barding Armor
42:07 Caravan
43:40 Iron Casting
43:25 Chain Barding Armor
Borzak4113
1:22 Loom
11:01 Feudal Age
16:07 Double-Bit Axe
18:24 Wheelbarrow
26:22 Castle Age
27:47 Squires
28:40 Forging
28:36 Scale Barding Armor
29:13 Caravan
29:59 Iron Casting
29:26 Scale Mail Armor
29:40 Pikeman
30:06 Gambesons
31:52 Husbandry
34:04 Hand Cart
33:36 Town Watch
35:02 Chain Mail Armor
35:14 Stone Mining
35:14 Gold Mining
37:43 Town Patrol
38:00 Fletching
38:32 Chain Barding Armor
38:31 Bow Saw
41:40 Imperial Age
41:00 Ballistics
44:13 Conscription
kingjohnkk
2:01 Loom
10:56 Feudal Age
12:15 Wheelbarrow
11:27 Double-Bit Axe
12:00 Town Watch
12:14 Horse Collar
21:48 Castle Age
21:14 Stone Mining
22:48 Hand Cart
22:57 Bow Saw
24:27 Stone Shaft Mining
24:38 Fortified Wall
25:19 Heavy Plow
28:38 Gold Mining
30:09 Treadmill Crane
35:01 Imperial Age
34:01 Ballistics
36:58 Two-Man Saw
36:27 Conscription
37:40 Chemistry
36:51 Masonry
41:44 Architecture
41:35 Bombard Tower
41:23 Siege Engineers
41:50 Murder Holes
43:17 Guilds
42:58 Elite Organ Gun
H wont help
1:50 Loom
11:13 Feudal Age
11:42 Double-Bit Axe
15:14 Horse Collar
17:52 Castle Age
16:05 Champi Runner
16:57 Forging
17:41 Scale Mail Armor
19:02 Champi Warrior
21:44 Squires
22:13 Arson
24:03 Wheelbarrow
24:02 Town Watch
26:23 Hand Cart
29:04 Gold Mining
29:05 Stone Mining
31:21 Heavy Plow
33:56 Imperial Age
32:32 Iron Casting
32:12 Chain Mail Armor
34:12 Town Patrol
34:05 Fletching
34:16 Padded Archer Armor
34:43 Bow Saw
35:09 Gold Shaft Mining
34:11 Elite Champi Warrior
35:25 Fabric Shields
36:31 Hoardings
38:43 Blast Furnace
38:13 Plate Mail Armor
37:28 Treadmill Crane
39:04 Conscription
38:49 Caravan
39:29 Crop Rotation
39:31 Elite Kamayuk
40:42 Pikeman
43:08 Ballistics
43:49 Chemistry
42:44 Murder Holes
小胖胖
12:54 Feudal Age
15:44 Bloodlines
16:10 Loom
19:16 Castle Age
17:25 Double-Bit Axe
17:24 Horse Collar
18:40 Bloodlines
20:01 Husbandry
20:52 Wheelbarrow
20:44 Bow Saw
20:36 Heavy Plow
22:39 Hand Cart
24:29 Forging
26:55 Scale Barding Armor
30:30 Chain Barding Armor
34:44 Imperial Age
32:00 Town Watch
32:34 Stone Mining
32:38 Gold Mining
33:42 Town Patrol
34:12 Caravan
36:24 Plate Barding Armor
36:25 Iron Casting
35:30 Cavalier
37:38 Ballistics
38:18 Chemistry
38:12 Double Crossbow
38:32 Conscription
41:57 Blast Furnace
40:24 Heavy Scorpion
Connection lost

Rejoining the realm…

Still unreachable

The connection could not be restored.

Session expired

The server has moved on; the page needs a fresh start.